 Dungeon Crawl Stone Soup version 0.29-a0-994-gc5c9f59d18 (webtiles) character file.

Game seed: 17538333499146892148

56 Newt the Twirler (level 3, -4/22 HPs)
             Began as a Gargoyle Gladiator on Aug 3, 2022.
             Killed from afar by Ijyb (18 damage)
             ... with a bolt of dispelling energy
             ... on level 2 of the Dungeon.
             The game lasted 00:01:45 (1301 turns).

Newt the Twirler (Gargoyle Gladiator)               Turns: 1301, Time: 00:01:46

Health: -4/22      AC:  7    Str: 17    XL:     3   Next: 97%
Magic:  3/3        EV: 12    Int:  8    God:
Gold:   76         SH:  0    Dex: 13    Spells: 2/2 levels left

rFire   . . .      SeeInvis .   a - +0 quarterstaff
rCold   . . .      Faith    .   (shield currently unavailable)
rNeg    + . .      Spirit   .   b - +0 leather armour
rPois   ∞          Reflect  .   c - +0 helmet
rElec   +          Harm     .   (no cloak)
rCorr   .          Rampage  .   (no gloves)
Will    .....                   (no boots)
Stlth   +.........              (no amulet)
HPRegen 0.07/turn               (no ring)
MPRegen 0.08/turn               (no ring)

@: no status effects
A: sickness immunity, AC +3, negative energy resistance 1, electricity
resistance, torment resistance 1, petrification resistance
a: no special abilities


You were on level 2 of the Dungeon.
You visited 1 branch of the dungeon, and saw 2 of its levels.

You collected 76 gold pieces.

Inventory:

Hand Weapons
 a - a +0 quarterstaff (weapon)
Missiles
 d - 3 throwing nets (quivered)
 e - a javelin
 i - 2 curare-tipped darts
Armour
 b - a +0 leather armour (worn)
 c - a +0 helmet (worn)
Scrolls
 g - 5 scrolls of identify
 h - 3 scrolls of enchant armour


   Skills:
 + Level 2.6 Fighting
 + Level 3.9 Staves
 + Level 1.9 Throwing
 + Level 0.5 Armour
 + Level 2.7 Dodging
 + Level 0.5 Stealth


You had 2 spell levels left.
You didn't know any spells.
Your spell library was empty.

Dungeon Overview and Level Annotations

Branches:
Dungeon (2/15)

Altars:

Annotations:
D:2 Ijyb


Innate Abilities, Weirdness & Mutations

You are immune to sickness and miasma.
Your stone body is resilient. (AC +3)
You are immune to poison.
You resist negative energy. (rN+)
You are resistant to electric shocks. (rElec)
You are resistant to unholy torment.
You are immune to petrification.


Message History

No target in view!
No target in view!
No target in view! 2 goblins come into view.
The goblin shouts! x2
Ijyb and 4 goblins come into view.
Ijyb is wielding a +0 dagger and carrying a wand of quicksilver (7).
The goblin shouts!
Okay, then.
Okay, then.
As you read the scroll of identify, it crumbles to dust.
f - a potion of might
Okay, then.
Found a fuming puce potion.
You feel very mighty all of a sudden. The rat barely misses you.
You thump the rat!
You kill the rat!
You sock the goblin!
You kill the goblin!
You barely miss the goblin. The goblin barely misses you.
You sock the goblin!
You kill the goblin!
You sock the goblin!
You kill the goblin!
Ijyb zaps a wand.
The bolt of dispelling energy hits you!
Your magical effects are unravelling.
You feel a little less mighty now.
Ijyb zaps a wand.
The bolt of dispelling energy misses you.
Things that are here:
a +0 club; a +0 dagger; a +0 dagger You hit Ijyb but do no damage.
Ijyb zaps a wand.
The bolt of dispelling energy misses you.
You sock the goblin!
You kill the goblin!
Ijyb zaps a wand.
The bolt of dispelling energy hits you!!
Ouch! That really hurt!
You die...

##############
#.....^.......
..######.#############
...........gg)@....!..
............g#########
########............
#####..######
8.8.8.8..# ..g.g....#
...g.....$ ..g........
.....# ............
....#


You could see Ijyb and 2 goblins.

Vanquished Creatures
  2 adders (D:2)
  A dart slug (D:1)
  A ball python (D:2)
  2 bats (D:1)
  3 endoplasms
  A giant cockroach (D:1)
  7 goblins
  2 hobgoblins (D:1)
  3 jackals (D:1)
  A quokka (D:1)
  A frilled lizard (D:1)
  7 kobolds
  3 rats
34 creatures vanquished.

Notes
Turn   | Place    | Note
-------+----------+-------------------------------------------
     0 | D:1      | Newt the Gargoyle Gladiator began the quest for the Orb.
     0 | D:1      | Reached XP level 1. HP: 12/12 MP: 1/1
   146 | D:1      | Reached XP level 2. HP: 17/17 MP: 2/2
   615 | D:1      | Reached XP level 3. HP: 16/22 MP: 3/3
  1284 | D:2      | Noticed Ijyb
  1301 | D:2      | Killed from afar by Ijyb

Illustrated notes

Levels and vault maps discovered:
D:1:      amcnicky_arrival_gap_in_the_tavern_cellar, layout_rooms,
          roderic_roman_lattice
D:2:      kennysheep_the_goblin_king, layout_basic,
          hellmonk_ecumenical_altar_dog_temple, hex_large,
          minmay_misc_feat_ornament, minmay_distorted, uniq_jessica

Action                   || total
-------------------------++-------
Melee: Quarterstaff      ||    72
  Use: Scroll            ||     5
       Potion            ||     1
 Stab: Sleeping          ||     1
Armor: Leather armour    ||    27
Dodge: Dodged            ||    42

Table legend: (Time is in decaauts)
 A = Elapsed time spent in this place.
 B = Non-inter-level travel time spent in this place.
 C = Inter-level travel time spent in this place.
 D = Time resting spent in this place.
 E = Time spent auto-exploring this place.
 F = Levels seen in this place.
 G = Mean time per level.
                   A        B        C        D        E       F      G
               +--------+--------+--------+--------+--------+-----+--------+
         Total |   1309 |   1258 |     51 |      0 |   1078 |   2 |  654.5 |
       Dungeon |   1309 |   1258 |     51 |      0 |   1078 |   2 |  654.5 |
               +--------+--------+--------+--------+--------+-----+--------+

Top non-repeatable levels by time:
     D:1: 987 daAuts
     D:2: 321 daAuts
